 Dungeon Crawl Stone Soup version 0.23.1 (console) character file.

Game seed: 11814177211181474378

1559 fly the Conjurer (level 8, 0/81 HPs)
             Began as an Ogre Fire Elementalist on Mar 14, 2019.
             Was a Follower of Uskayaw.
             Slain by a sky beast (5 damage)
             ... while paralysed
             ... on level 6 of the Dungeon.
             The game lasted 00:12:20 (7881 turns).

fly the Conjurer (Ogre Fire Elementalist)           Turns: 7881, Time: 00:12:21

Health: 0/81       AC:  5    Str: 13    XL:     8   Next: 89%
Magic:  12/12      EV:  1    Int: 20    God:    Uskayaw [*.....]
Gold:   210        SH:  0    Dex: 11    Spells: 4/13 levels left

rFire    + . .     SeeInvis .   a - +0 trident
rCold    . . .     Gourm    .   (no shield)
rNeg     . . .     Faith    .   y - +2 robe {rF+}
rPois    .         Spirit   .   (helmet restricted)
rElec    .         Reflect  .   (no cloak)
rCorr    .         Harm     .   (gloves unavailable)
MR       .....                  (boots unavailable)
Stlth    ++........             f - amulet of inaccuracy (curse)
HPRegen  0.23/turn              e - +3 ring of evasion
MPRegen  0.13/turn              i - +4 ring of intelligence

@: paralysed, fainting
A: large, unfitting armour, tough skin 1
a: Stomp, Renounce Religion


You were on level 6 of the Dungeon.
You worshipped Uskayaw.
Uskayaw was noncommittal.
You were fainting.

You visited 2 branches of the dungeon, and saw 8 of its levels.

You collected 210 gold pieces.

Inventory:

Hand Weapons
 a - a +0 trident (weapon)
Missiles
 o - 8 curare-tipped needles
Armour
 y - a +2 robe of fire resistance (worn)
Jewellery
 e - a +3 ring of evasion (left hand)
 f - a cursed amulet of inaccuracy (around neck)
 i - a +4 ring of intelligence (right hand)
 w - an uncursed ring of ice
Wands
 r - a wand of disintegration (11)
 B - a wand of flame (13)
Scrolls
 b - 2 scrolls of fog {unknown}
 g - 2 scrolls of magic mapping {unknown}
 h - 8 scrolls of identify {unknown}
 j - 2 scrolls of teleportation {unknown}
 m - 3 scrolls of noise {unknown}
 n - 5 scrolls of remove curse {unknown}
 q - a scroll of immolation {unknown}
 v - 2 scrolls of fear {unknown}
 x - a scroll of enchant armour {unknown}
 z - a scroll of amnesia {unknown}
 A - a scroll of enchant weapon {unknown}
 C - a scroll of brand weapon {unknown}
Potions
 d - 5 potions of curing {unknown}
 k - a potion of haste {unknown}
 l - a potion of flight {unknown}
 p - a potion of might {unknown}
 s - a potion of mutation {unknown}
 t - 2 potions of agility {unknown}
 u - a potion of degeneration {unknown}
Comestibles
 c - 7 rations


   Skills:
 + Level 5.6 Fighting
 * Level 4.0 Dodging
 - Level 1.4 Stealth
 - Level 3.0 Spellcasting
 - Level 6.0 Conjurations
 - Level 6.0 Fire Magic


You had 4 spell levels left.
You knew the following spells:

 Your Spells              Type           Power        Failure   Level  Hunger
a - Blink                 Tloc           N/A          22%         2    ##.....
c - Conjure Flame         Conj/Fire      ####....     3%          3    ###....
n - Inner Flame           Hex/Fire       ###.....     12%         3    ###....
z - Flame Tongue          Conj/Fire      ####.        1%          1    None

Your spell library contained the following spells:

 Spells                   Type           Power        Failure   Level  Hunger
 Magic Dart               Conj           ####         1%          1    None
 Throw Flame              Conj/Fire      ####..       1%          2    ##.....
 Sticky Flame             Conj/Fire      ####....     12%         4    ####...
 Confusing Touch          Hex            #.....       14%         1    None
 Mephitic Cloud           Conj/Pois/Air  ##......     19%         3    ###....
 Call Imp                 Summ           #.......     22%         2    ##.....
 Slow                     Hex            #.......     22%         2    ##.....
 Confuse                  Hex            #.......     38%         3    ###....
 Gell's Gravitas          Tloc           #.........   38%         3    ###....
 Petrify                  Tmut/Erth      #.......     80%         4    ####...
 Fireball                 Conj/Fire      ####......   32%         5    ######.
 Metabolic Englaciation   Hex/Ice        #.........   98%         5    ######.
 Yara's Violent Unravell  Hex/Tmut       #.........   98%         5    ######.


Dungeon Overview and Level Annotations

Branches:
Dungeon (7/15)             Temple (1/1) D:6

Altars:
Ashenzari
Cheibriados
Dithmenos
Fedhas
Gozag
Hepliaklqana
Kikubaaqudgha
Makhleb
Nemelex Xobeh
Okawaru
Qazlal
Ru
Trog
Uskayaw
Vehumet
Wu Jian
Xom
Yredelemnul
Zin
The Shining One

Shops:
D:4 :

Annotations:
D:6 1 runed translucent door, Crazy Yiuf


Innate Abilities, Weirdness & Mutations

You are too large for most types of armour.
You have tough skin. (AC +1)


Message History

Something hits you. Something shocks you.
A sky beast appears from thin air!
Reactivating autopickup.
The sky beast hits you. The sky beast shocks you. The sky beast hits you.
The sky beast shocks you. The sky beast hits you. The sky beast shocks you.
* * * LOW HITPOINT WARNING * * *
The sky beast hits you.
* * * LOW HITPOINT WARNING * * *
The sky beast shocks you.
* * * LOW HITPOINT WARNING * * *
The sky beast hits you.
* * * LOW HITPOINT WARNING * * *
The sky beast shocks you.
* * * LOW HITPOINT WARNING * * *
The sky beast hits you but does no damage.
The sky beast hits you.
* * * LOW HITPOINT WARNING * * *
The sky beast shocks you.
You die...

..♣♣♣♣.+...# ##..#..#
#.....##.## ...♣..♣#...#
#..##..# #..##....## ..♣.♣♣♣ ###
#.####.###..###..... ♣♣♣♣♣ #.#
#..##..#####... ###
##.#....###..## ##### ######
##..........### ....# #....#
###..........## # ....#
##....####...##......## #
..#.####.......Y@.#####......###
.....##....###..### #....#..[##
........#### ##.## #.#..####..
......#.## #..# #.#..# ###
.##..##..# ##.## ##....####.#
...)###..# ##..####...[..##..#
....# ##.### #................##
#..####...§####................#
##.###..###.)..................#


You could see a sky beast.

Vanquished Creatures
  Grinder (D:6)
  A sky beast (D:6)
  An ice beast (D:6)
  2 phantoms (D:6)
  2 ogres
  A centaur (D:6)
  A bullfrog (D:6)
  A scorpion (D:6)
  A centaur zombie (D:6)
  4 hounds
  2 jellies (D:5)
  An orc priest (D:4)
  3 orc wizards
  4 worker ants
  A howler monkey skeleton (D:6)
  8 adders
  A gnoll (D:1)
  3 shadow imps
  An adder zombie (D:5)
  An adder skeleton (D:6)
  5 dart slugs
  2 leopard geckos
  17 orcs
  A ball python (D:3)
  4 bats
  4 giant cockroaches (D:1)
  7 goblins
  10 hobgoblins
  10 jackals
  A quokka (D:3)
  5 frilled lizards
  7 kobolds
  A leopard gecko skeleton (D:6)
  8 rats
122 creatures vanquished.

Notes
Turn   | Place    | Note
-------+----------+-------------------------------------------
     0 | D:1      | fly the Ogre Fire Elementalist began the quest for the Orb.
     0 | D:1      | Reached XP level 1. HP: 16/16 MP: 3/3
    87 | D:1      | Reached skill level 1 in Conjurations
   189 | D:1      | Reached XP level 2. HP: 14/24 MP: 3/5
   700 | D:1      | Reached XP level 3. HP: 28/31 MP: 4/7
   896 | D:1      | Learned a level 3 spell: Conjure Flame
   900 | D:1      | Learned a level 3 spell: Inner Flame
  1461 | D:2      | Reached skill level 1 in Fighting
  1637 | D:2      | Reached XP level 4. HP: 32/41 MP: 2/8
  1780 | D:2      | Found a blossoming altar of Fedhas.
  1906 | D:2      | Learned a level 2 spell: Blink
  2429 | D:3      | HP: 1/42 [orc/+0 flail (6)]
  3035 | D:3      | Reached XP level 5. HP: 45/50 MP: 6/9
  3477 | D:4      | Found Jiesmeeka's Book Shop.
  3875 | D:4      | Reached skill level 5 in Fighting
  3984 | D:4      | Reached XP level 6. HP: 61/66 MP: 6/10
  4036 | D:4      | Found a snail-covered altar of Cheibriados.
  4199 | D:4      | Found an ornate altar of the Wu Jian Council.
  4234 | D:4      | Found a glowing golden altar of the Shining One.
  4236 | D:4      | Noticed an angel
  4277 | D:4      | Found a basalt altar of Yredelemnul.
  4279 | D:4      | Noticed a profane servitor
  4474 | D:4      | Found a sacrificial altar of Ru.
  4617 | D:5      | Entered Level 5 of the Dungeon
  4728 | D:5      | Reached XP level 7. HP: 53/72 MP: 2/11
  5313 | D:5      | Found a shadowy altar of Dithmenos.
  5384 | D:6      | Noticed Grinder
  5389 | D:6      | Paralysed by Grinder for 3 turns
  5398 | D:6      | Paralysed by Grinder for 4 turns
  5402 | D:6      | Killed Grinder
  5402 | D:6      | Reached skill level 5 in Conjurations
  5402 | D:6      | Reached skill level 5 in Fire Magic
  5774 | D:6      | Reached XP level 8. HP: 65/80 MP: 12/12
  6216 | D:6      | HP: 4/80 [phantom (6)]
  7088 | D:6      | Found a hide-covered altar of Uskayaw.
  7088 | D:6      | Found a burning altar of Makhleb.
  7170 | D:6      | Became a worshipper of Uskayaw the Reveler
  7214 | D:6      | Reached * piety under Uskayaw
  7216 | D:6      | Reached ** piety under Uskayaw
  7225 | D:6      | Found a staircase to the Ecumenical Temple.
  7261 | Temple   | Entered the Ecumenical Temple
  7638 | D:6      | Found a runed translucent door.
  7639 | D:6      | Noticed Crazy Yiuf
  7872 | D:6      | Paralysed by fainting for 12 turns
  7881 | D:6      | Slain by a sky beast

Skill      XL: |  1  2  3  4  5  6  7  8 |
---------------+-------------------------+-----
Conjurations   | 1 2 3 4 5 6 |  6.0
Dodging        | 2 4 |  4.0
Fire Magic     | 3 4 5 6 |  6.0
Spellcasting   | 3 |  3.0
Fighting       | 1 2 5 |  5.6
Stealth        | |  1.4

Action                   |  1- 3 |  4- 6 |  7- 9 || total
-------------------------+-------+-------+-------++-------
Melee: Unarmed           |    42 |    13 |       ||    55
       Trident           |       |    67 |   169 ||   236
 Cast: Flame Tongue      |    60 |   139 |   123 ||   322
       Conjure Flame     |       |     2 |     1 ||     3
Evoke: Wand              |       |       |     1 ||     1
 Stab: Sleeping          |     1 |     1 |       ||     2
  Eat: Chunk             |     2 |    10 |     1 ||    13
       Ration            |       |       |     2 ||     2
Armor: Robe              |     9 |    29 |    51 ||    89
Dodge: Dodged            |    41 |   105 |   129 ||   275
